Hurricanes vs Stars

Created - 10 février 2022 at 16:11

Goals
1 2 3 T
Hurricanes 1 0 0 1
Stars 1 1 2 4
Shots
1 2 3 T
Hurricanes 14 14 7 35
Stars 12 8 11 31

GoalsPenalties
1st period
1. Stars , Denis Gurianov 15 (Elias Pettersson 28) at 15:25 (PP)
2. Hurricanes , Darren Helm 14 (Markus Nutivaara 13, Victor Rask 10) at 18:21
Andrew Shaw (CAR) for Cross-checking (Minor) at 1:36
Tucker Poolman (DAL) for Goalie Interference (Minor) at 4:05
Zach Bogosian (CAR) for Tripping (Minor) at 15:20
Jordan Greenway (DAL) for Holding (Minor) at 18:29
2nd period
3. Stars , Denis Gurianov 16 (Elias Pettersson 29, Andrei Svechnikov 27) at 3:36
Tucker Poolman (DAL) for Tripping (Minor) at 3:53
Darren Helm (CAR) for Interference (Minor) at 7:43
Oskar Lindblom (DAL) for Tripping (Minor) at 12:52
3rd period
4. Stars , Dylan Larkin 14 (Martin Necas 21, Jordan Greenway 13) at 1:29
5. Stars , Elias Pettersson 17 (Ryan Suter 20, Andrei Svechnikov 28) at 5:56 (PP)
Deryk Engelland (DAL) for Tripping (Minor) at 2:46
Moritz Seider (CAR) for High sticking (Minor) at 5:38
Markus Nutivaara (CAR) for High sticking (Minor) at 5:59
Jordan Greenway (DAL) for Holding (Minor) at 8:57
Tucker Poolman (DAL) for Holding (Minor) at 11:04
Andrew Shaw (CAR) for Interference (Minor) at 11:04
Zach Bogosian (CAR) for High sticking (Minor) at 13:23
Leo Komarov (CAR) for High sticking (Minor) at 16:57
Goalie Stats
Joonas Korpisalo (CAR), 27 saves from 31 shots - (0,871), L, 14-30-4, 60:00 minutes
Martin Jones (DAL), 34 saves from 35 shots - (0,971), W, 14-21-3, 60:00 minutes
3 StarsOfficial
1 - Denis Gurianov (DAL)
2 - Elias Pettersson (DAL)
3 - Martin Jones (DAL)
Referees : Tim Peel and Greg Kimmerly
Linesman : Tim Nowak and Brian Murphy
Game Note
No Game Note



Team Name Goals Shots Shots Attemp Shots Blocked PIM HIT PP PK FO%
Hurricanes 135671016220 / 6 (0%)252%
Stars 431591114282 / 7 (29%)048%

Hurricanes
Player Name POS G A P +/- PIM HIT SHT SB MP PP MP PP SHT PK MP PK SHT FO% FOT
Alexis LafreniereLW000-100209:060:0000:0000% 1
Andrew CoglianoC/LW000000009:580:0000:00055% 11
Andrew ShawC/LW/RW000040209:560:0000:0000% 0
Brian BoyleC/LW0000030120:396:2105:0600% 1
Chris WagnerC/LW/RW0000001010:390:0000:410100% 2
Curtis LazarC/RW000-100109:060:0000:0000% 0
Danton HeinenC/LW/RW0000023014:025:3330:0000% 0
Darren HelmC/LW1010226019:195:3324:15080% 5
Josh BaileyC/LW/RW0000004020:396:2125:06153% 30
Leo KomarovC/LW/RW000-1242014:545:3310:16055% 20
Markus NutivaaraD011-1202221:125:5924:1000% 0
Moritz SeiderD0000210013:410:0001:0300% 0
Neal PionkD0000024224:595:5534:5900% 0
Nikita GusevLW/RW0000011020:526:2115:12050% 10
Quinn HughesD0000012124:595:5514:5900% 0
Ryan MurrayD000-1013422:225:5935:1900% 0
Victor RaskC011000208:290:0000:00036% 14
Zach BogosianD0000450012:430:0000:0600% 0
Stars
Player Name POS G A P +/- PIM HIT SHT SB MP PP MP PP SHT PK MP PK SHT FO% FOT
Alexander EdlerD000-1071224:465:0005:5910% 0
Andreas AthanasiouC000-100008:530:0000:00046% 13
Andrei SvechnikovLW/RW0221012022:105:0516:0900% 1
Denis GurianovLW/RW2021002021:235:0515:45033% 15
Deryk EngellandD0002242122:285:1824:5400% 0
Dylan LarkinC1011015016:105:1310:00063% 19
Elias PetterssonC1231007022:105:0536:09046% 35
Frans NielsenC000001006:140:0000:0000% 0
Jason RobertsonLW000-1010016:375:1302:3100% 1
Jordan GreenwayLW/RW0111452114:570:0003:140100% 1
Martin NecasC/RW0111022016:105:1310:0000% 0
Mikko KoivuC000001206:140:0000:00056% 9
Oskar LindblomLW/RW000021306:130:0000:0000% 0
Ron HainseyD0000000312:420:0001:0100% 0
Ryan SuterD011-1001224:495:0015:5900% 0
Travis HamonicD0002021223:305:1815:5500% 0
Tucker PoolmanD0000620011:410:0000:0000% 0
Warren FoegeleLW/RW000-100108:530:0000:0000% 0

Hurricanes

5 vs 5 Forward
Line #Left WingCenterRight WingPHYDFOFWanted %Time %Time Play
1Brian BoyleJosh BaileyNikita Gusev2122623%8:16
2Danton HeinenVictor RaskDarren Helm1222524%8:29
3Chris WagnerAndrew CoglianoAndrew Shaw2212528%9:58
4Alexis LafreniereLeo KomarovCurtis Lazar5002425%9:06
5 vs 5 Defense
Line #DefenseDefensePHYDFOFWanted %Time %Time Play
1Neal PionkQuinn Hughes1223028%10:04
2Ryan MurrayMarkus Nutivaara1223028%10:08
3Zach BogosianMoritz Seider1222435%12:39
4Neal PionkQuinn Hughes122168%2:58
Power Play Forward
Line #Left WingCenterRight WingPHYDFOFWanted %Time %Time Play
1Brian BoyleJosh BaileyNikita Gusev1225053%6:21
2Danton HeinenLeo KomarovDarren Helm1225047%5:33
Power Play Defense
Line #DefenseDefensePHYDFOFWanted %Time %Time Play
1Neal PionkQuinn Hughes1225050%5:55
2Ryan MurrayMarkus Nutivaara1225050%5:59
Penalty Kill 4 Players Forward
Line #CenterWingPHYDFOFWanted %Time %Time Play
1Josh BaileyBrian Boyle1225050%5:06
2Nikita GusevDarren Helm1225050%5:12
Penalty Kill 4 Players Defense
Line #DefenseDefensePHYDFOFWanted %Time %Time Play
1Neal PionkQuinn Hughes1225048%4:59
2Ryan MurrayMarkus Nutivaara1225052%5:19
Penalty Kill 3 Players
Line #WingPHYDFOFWanted %Time %Time PlayDefenseDefensePHYDFOFWanted %Time %Time Play
1Josh Bailey122500%0:00 Neal PionkQuinn Hughes122500%0:00
2Brian Boyle122500%0:00 Ryan MurrayMarkus Nutivaara122500%0:00
4 vs 4 Forward
Line #CenterWingPHYDFOFWanted %Time %Time Play
1Josh BaileyBrian Boyle1225047%0:56
2Nikita GusevDarren Helm1225053%1:03
4 vs 4 Defense
Line #DefensePHYDFOFWanted %Time %Time Play
1Neal PionkQuinn Hughes1225053%50% - 1:03
2Ryan MurrayMarkus Nutivaara1225047%50% - 0:56
Last Minutes Offensive
Left WingCenterRight WingDefenseDefense
Brian BoyleJosh BaileyNikita GusevNeal PionkQuinn Hughes
Last Minutes Defensive
Left WingCenterRight WingDefenseDefense
Brian BoyleJosh BaileyNikita GusevNeal PionkQuinn Hughes
Time
Total ForwardTotal DefenseLast Minutes OffensiveLast Minutes Defensive
60:00 60:00 0:000:00
Extra Forwards
Normal PowerPlayPenalty Kill
Darren Helm, Andrew Cogliano, Chris WagnerDarren Helm, Andrew CoglianoChris Wagner
Extra Defensemen
Normal PowerPlayPenalty Kill
Zach Bogosian, Moritz Seider, Ryan MurrayZach Bogosian, Moritz SeiderRyan Murray
Penalty Shots
Josh Bailey, Brian Boyle, Nikita Gusev, Darren Helm, Leo Komarov
Goalie
Joonas Korpisalo, Alex Stalock
Custom OT Lines Forwards
Josh Bailey, Brian Boyle, Nikita Gusev, Danton Heinen, Leo Komarov, Darren Helm, Andrew Cogliano, Chris Wagner, Curtis Lazar, Andrew Shaw
Custom OT Lines Defensemen
Neal Pionk, Quinn Hughes, Ryan Murray, Markus Nutivaara, Zach Bogosian
Scratches
Kyle Rau (Healthy), Paul Cotter (Healthy), Sonny Milano (Healthy), Cory Schneider (Healthy)

Stars

5 vs 5 Forward
Line #Left WingCenterRight WingPHYDFOFWanted %Time %Time Play
1Andrei SvechnikovElias PetterssonDenis Gurianov0053027%9:45
2Jordan GreenwayDylan LarkinMartin Necas0053031%10:57
3Jason RobertsonAndreas AthanasiouWarren Foegele1222425%8:53
4Oskar LindblomMikko KoivuFrans Nielsen1401617%6:14
5 vs 5 Defense
Line #DefenseDefensePHYDFOFWanted %Time %Time Play
1Alexander EdlerRyan Suter1223027%9:39
2Travis HamonicDeryk Engelland1223032%11:29
3Ron HainseyTucker Poolman1222433%11:44
4Alexander EdlerRyan Suter122168%2:57
Power Play Forward
Line #Left WingCenterRight WingPHYDFOFWanted %Time %Time Play
1Andrei SvechnikovElias PetterssonDenis Gurianov1225049%5:05
2Jason RobertsonDylan LarkinMartin Necas1225051%5:13
Power Play Defense
Line #DefenseDefensePHYDFOFWanted %Time %Time Play
1Alexander EdlerRyan Suter1225049%5:00
2Travis HamonicDeryk Engelland1225051%5:18
Penalty Kill 4 Players Forward
Line #CenterWingPHYDFOFWanted %Time %Time Play
1Elias PetterssonAndrei Svechnikov1225052%6:09
2Denis GurianovJordan Greenway1225048%5:45
Penalty Kill 4 Players Defense
Line #DefenseDefensePHYDFOFWanted %Time %Time Play
1Alexander EdlerRyan Suter1225050%5:59
2Travis HamonicDeryk Engelland1225050%5:55
Penalty Kill 3 Players
Line #WingPHYDFOFWanted %Time %Time PlayDefenseDefensePHYDFOFWanted %Time %Time Play
1Elias Pettersson122500%0:00 Alexander EdlerRyan Suter122500%0:00
2Andrei Svechnikov122500%0:00 Travis HamonicDeryk Engelland122500%0:00
4 vs 4 Forward
Line #CenterWingPHYDFOFWanted %Time %Time Play
1Elias PetterssonAndrei Svechnikov1225060%1:11
2Denis GurianovJordan Greenway1225040%0:48
4 vs 4 Defense
Line #DefensePHYDFOFWanted %Time %Time Play
1Alexander EdlerRyan Suter1225060%50% - 1:11
2Travis HamonicDeryk Engelland1225040%50% - 0:48
Last Minutes Offensive
Left WingCenterRight WingDefenseDefense
Andrei SvechnikovElias PetterssonDenis GurianovAlexander EdlerRyan Suter
Last Minutes Defensive
Left WingCenterRight WingDefenseDefense
Andrei SvechnikovElias PetterssonDenis GurianovAlexander EdlerRyan Suter
Time
Total ForwardTotal DefenseLast Minutes OffensiveLast Minutes Defensive
60:00 60:00 0:000:00
Extra Forwards
Normal PowerPlayPenalty Kill
Andrei Svechnikov, Frans Nielsen, Jason RobertsonElias Pettersson, Frans NielsenJason Robertson
Extra Defensemen
Normal PowerPlayPenalty Kill
Ron Hainsey, Alexander Edler, Travis HamonicRon Hainsey, Ryan SuterTravis Hamonic
Penalty Shots
Elias Pettersson, Andrei Svechnikov, Denis Gurianov, Jordan Greenway, Martin Necas
Goalie
Martin Jones, Jake Oettinger
Custom OT Lines Forwards
Elias Pettersson, Andrei Svechnikov, Denis Gurianov, Jordan Greenway, Martin Necas, Jason Robertson, Andreas Athanasiou, Oskar Lindblom, Mikko Koivu, Frans Nielsen
Custom OT Lines Defensemen
Alexander Edler, Ryan Suter, Travis Hamonic, Deryk Engelland, Ron Hainsey
Scratches
Dominik Simon (Healthy), Brogan Rafferty (Healthy), Scott Harrington (Healthy)


Play-by-Play

1st period


0:01 of 1st period - Elias Pettersson wins face-off versus Josh Bailey in neutral zone.
0:39 of 1st period - Andrei Svechnikov is hit by Neal Pionk and loses puck.
0:59 of 1st period - Danton Heinen is hit by Alexander Edler.
1:05 of 1st period - Shot by Victor Rask.
1:05 of 1st period - Stopped by Martin Jones without a rebound.
1:06 of 1st period - Dylan Larkin wins face-off versus Andrew Cogliano in Stars zone.
1:10 of 1st period - Icing by Dylan Larkin.
1:11 of 1st period - Dylan Larkin wins face-off versus Leo Komarov in Stars zone.
1:33 of 1st period - Shot by Curtis Lazar.
1:33 of 1st period - Deflect By Alexis Lafreniere.
1:33 of 1st period - Stopped by Martin Jones without a rebound.
1:34 of 1st period - Chris Wagner wins face-off versus Andreas Athanasiou in Stars zone.
1:36 of 1st period - Minor Penalty to Andrew Shaw for Cross-checking.
1:37 of 1st period - Josh Bailey wins face-off versus Dylan Larkin in Hurricanes zone.
2:00 of 1st period - Shot by Deryk Engelland.
2:00 of 1st period - Stopped by Joonas Korpisalo without a rebound.
2:01 of 1st period - Elias Pettersson wins face-off versus Josh Bailey in Hurricanes zone.
2:28 of 1st period - Shot by Andrei Svechnikov.
2:28 of 1st period - Shot Blocked by Ryan Murray.
2:30 of 1st period - Shot by Andrei Svechnikov.
2:30 of 1st period - Stopped by Joonas Korpisalo without a rebound.
2:31 of 1st period - Dylan Larkin wins face-off versus Nikita Gusev in Hurricanes zone.
2:58 of 1st period - Shot by Deryk Engelland.
2:58 of 1st period - Shot Blocked by Quinn Hughes.
3:00 of 1st period - Shot by Dylan Larkin.
3:00 of 1st period - Shot Blocked by Neal Pionk.
3:02 of 1st period - Shot by Travis Hamonic.
3:02 of 1st period - Shot Misses the Net.
3:04 of 1st period - Shot by Deryk Engelland.
3:04 of 1st period - Shot Misses the Net.
3:06 of 1st period - Shot by Travis Hamonic.
3:06 of 1st period - Stopped by Joonas Korpisalo without a rebound.
3:07 of 1st period - Josh Bailey wins face-off versus Elias Pettersson in Hurricanes zone.
3:21 of 1st period - Off-side.
3:22 of 1st period - Josh Bailey wins face-off versus Elias Pettersson in neutral zone.
4:05 of 1st period - Minor Penalty to Tucker Poolman for Goalie Interference.
4:06 of 1st period - Elias Pettersson wins face-off versus Josh Bailey in Stars zone.
4:49 of 1st period - Shot by Markus Nutivaara.
4:49 of 1st period - Shot Blocked by Travis Hamonic.
5:17 of 1st period - Shot by Leo Komarov.
5:17 of 1st period - Deflect By Darren Helm.
5:17 of 1st period - Stopped by Martin Jones without a rebound.
5:18 of 1st period - Leo Komarov wins face-off versus Denis Gurianov in Stars zone.
5:29 of 1st period - Shot by Neal Pionk.
5:29 of 1st period - Deflect By Leo Komarov.
5:29 of 1st period - Shot Blocked by Jordan Greenway.
5:31 of 1st period - Shot by Leo Komarov.
5:31 of 1st period - Stopped by Martin Jones without a rebound.
5:32 of 1st period - Elias Pettersson wins face-off versus Nikita Gusev in Stars zone.
5:47 of 1st period - Shot by Josh Bailey.
5:47 of 1st period - Stopped by Martin Jones without a rebound.
5:48 of 1st period - Leo Komarov wins face-off versus Elias Pettersson in Stars zone.
6:23 of 1st period - Mikko Koivu is hit by Zach Bogosian and loses puck.
6:57 of 1st period - Andrew Cogliano is hit by Jordan Greenway and loses puck.
7:18 of 1st period - Shot by Jordan Greenway.
7:18 of 1st period - Stopped by Joonas Korpisalo with a rebound.
7:20 of 1st period - Shot by Dylan Larkin.
7:20 of 1st period - Stopped by Joonas Korpisalo without a rebound.
7:21 of 1st period - Andreas Athanasiou wins face-off versus Victor Rask in Hurricanes zone.
7:29 of 1st period - Icing by Markus Nutivaara.
7:30 of 1st period - Elias Pettersson wins face-off versus Victor Rask in Hurricanes zone.
7:43 of 1st period - Andrei Svechnikov is hit by Danton Heinen.
9:02 of 1st period - Shot by Nikita Gusev.
9:02 of 1st period - Shot Misses the Net.
9:25 of 1st period - Icing by Neal Pionk.
9:26 of 1st period - Josh Bailey wins face-off versus Andreas Athanasiou in Hurricanes zone.
9:54 of 1st period - Shot by Leo Komarov.
9:54 of 1st period - Stopped by Martin Jones without a rebound.
9:55 of 1st period - Andrew Cogliano wins face-off versus Mikko Koivu in Stars zone.
10:08 of 1st period - Shot by Mikko Koivu.
10:08 of 1st period - Stopped by Joonas Korpisalo with a rebound.
10:20 of 1st period - Markus Nutivaara is hit by Mikko Koivu and loses puck.
10:25 of 1st period - Shot by Travis Hamonic.
10:25 of 1st period - Shot Blocked by Ryan Murray.
10:57 of 1st period - Shot by Leo Komarov.
10:57 of 1st period - Shot Blocked by Ryan Suter.
11:09 of 1st period - Shot by Dylan Larkin.
11:09 of 1st period - Stopped by Joonas Korpisalo without a rebound.
11:10 of 1st period - Victor Rask wins face-off versus Andreas Athanasiou in Hurricanes zone.
11:33 of 1st period - Shot by Victor Rask.
11:33 of 1st period - Deflect By Danton Heinen.
11:33 of 1st period - Shot Blocked by Ron Hainsey.
11:35 of 1st period - Shot by Danton Heinen.
11:35 of 1st period - Shot Blocked by Ron Hainsey.
11:37 of 1st period - Shot by Darren Helm.
11:37 of 1st period - Stopped by Martin Jones without a rebound.
11:38 of 1st period - Dylan Larkin wins face-off versus Josh Bailey in Stars zone.
11:57 of 1st period - Shot by Dylan Larkin.
11:57 of 1st period - Deflect By Martin Necas.
11:57 of 1st period - Stopped by Joonas Korpisalo with a rebound.
12:58 of 1st period - Shot by Elias Pettersson.
12:58 of 1st period - Stopped by Joonas Korpisalo without a rebound.
12:59 of 1st period - Andreas Athanasiou wins face-off versus Victor Rask in Hurricanes zone.
13:22 of 1st period - Shot by Jason Robertson.
13:22 of 1st period - Shot Blocked by Neal Pionk.
13:34 of 1st period - Shot by Darren Helm.
13:34 of 1st period - Stopped by Martin Jones without a rebound.
13:35 of 1st period - Andrew Cogliano wins face-off versus Elias Pettersson in Stars zone.
14:58 of 1st period - Shot by Alexis Lafreniere.
14:58 of 1st period - Stopped by Martin Jones with a rebound.
15:00 of 1st period - Shot by Neal Pionk.
15:00 of 1st period - Shot Misses the Net.
15:09 of 1st period - Icing by Ryan Suter.
15:10 of 1st period - Josh Bailey wins face-off versus Dylan Larkin in Stars zone.
15:10 of 1st period - Nikita Gusev is hit by Alexander Edler and loses puck.
15:20 of 1st period - Minor Penalty to Zach Bogosian for Tripping.
15:21 of 1st period - Elias Pettersson wins face-off versus Nikita Gusev in Hurricanes zone.
15:25 of 1st period - Shot by Denis Gurianov.
15:25 of 1st period - Goal by Denis Gurianov - Hurricanes : 0 - Stars : 1.
15:26 of 1st period - Andreas Athanasiou wins face-off versus Victor Rask in neutral zone.
16:14 of 1st period - Icing by Deryk Engelland.
16:15 of 1st period - Andreas Athanasiou wins face-off versus Josh Bailey in Stars zone.
17:19 of 1st period - Shot by Dylan Larkin.
17:19 of 1st period - Deflect By Jordan Greenway.
17:19 of 1st period - Stopped by Joonas Korpisalo without a rebound.
17:20 of 1st period - Leo Komarov wins face-off versus Dylan Larkin in Hurricanes zone.
17:39 of 1st period - Shot by Dylan Larkin.
17:39 of 1st period - Stopped by Joonas Korpisalo without a rebound.
17:40 of 1st period - Mikko Koivu wins face-off versus Andrew Cogliano in Hurricanes zone.
17:42 of 1st period - Oskar Lindblom is hit by Zach Bogosian and loses puck.
17:51 of 1st period - Shot by Andrew Cogliano.
17:51 of 1st period - Deflect By Chris Wagner.
17:51 of 1st period - Shot Misses the Net.
17:53 of 1st period - Shot by Moritz Seider.
17:53 of 1st period - Shot Misses the Net.
17:55 of 1st period - Shot by Chris Wagner.
17:55 of 1st period - Stopped by Martin Jones without a rebound.
17:56 of 1st period - Andreas Athanasiou wins face-off versus Victor Rask in Stars zone.
18:21 of 1st period - Shot by Darren Helm.
18:21 of 1st period - Goal by Darren Helm - Hurricanes : 1 - Stars : 1.
18:22 of 1st period - Dylan Larkin wins face-off versus Leo Komarov in neutral zone.
18:29 of 1st period - Minor Penalty to Jordan Greenway for Holding.
18:30 of 1st period - Josh Bailey wins face-off versus Denis Gurianov in Stars zone.
19:07 of 1st period - Shot by Neal Pionk.
19:07 of 1st period - Stopped by Martin Jones without a rebound.
19:08 of 1st period - Denis Gurianov wins face-off versus Leo Komarov in Stars zone.
19:18 of 1st period - Darren Helm is hit by Deryk Engelland.
19:20 of 1st period - Shot by Ryan Murray.
19:20 of 1st period - Stopped by Martin Jones without a rebound.
19:21 of 1st period - Leo Komarov wins face-off versus Denis Gurianov in Stars zone.
19:48 of 1st period - Shot by Markus Nutivaara.
19:48 of 1st period - Stopped by Martin Jones without a rebound.
19:49 of 1st period - Elias Pettersson wins face-off versus Josh Bailey in Stars zone.
19:49 of 1st period - Elias Pettersson is hit by Nikita Gusev.
Goals for this period are 1 for Hurricanes vs 1 for Stars.
Shots for this period are 14 for Hurricanes vs 12 for Stars.

2nd period


0:01 of 2nd period - Leo Komarov wins face-off versus Denis Gurianov in neutral zone.
0:43 of 2nd period - Jordan Greenway is hit by Ryan Murray and loses puck.
0:49 of 2nd period - Ryan Murray is hit by Tucker Poolman and loses puck.
1:10 of 2nd period - Shot by Jordan Greenway.
1:10 of 2nd period - Deflect By Dylan Larkin.
1:10 of 2nd period - Shot Misses the Net.
1:44 of 2nd period - Shot by Andrei Svechnikov.
1:44 of 2nd period - Shot Misses the Net.
1:52 of 2nd period - Shot by Elias Pettersson.
1:52 of 2nd period - Stopped by Joonas Korpisalo without a rebound.
1:53 of 2nd period - Andreas Athanasiou wins face-off versus Leo Komarov in Hurricanes zone.
2:01 of 2nd period - Warren Foegele is hit by Zach Bogosian and loses puck.
2:08 of 2nd period - Shot by Warren Foegele.
2:08 of 2nd period - Stopped by Joonas Korpisalo without a rebound.
2:09 of 2nd period - Josh Bailey wins face-off versus Mikko Koivu in Hurricanes zone.
2:48 of 2nd period - Shot by Alexander Edler.
2:48 of 2nd period - Shot Hit the Post.
3:16 of 2nd period - Off-side.
3:17 of 2nd period - Elias Pettersson wins face-off versus Leo Komarov in neutral zone.
3:34 of 2nd period - Shot by Elias Pettersson.
3:34 of 2nd period - Shot Misses the Net.
3:36 of 2nd period - Shot by Denis Gurianov.
3:36 of 2nd period - Goal by Denis Gurianov - Hurricanes : 1 - Stars : 2.
3:37 of 2nd period - Victor Rask wins face-off versus Andreas Athanasiou in neutral zone.
3:53 of 2nd period - Minor Penalty to Tucker Poolman for Tripping.
3:54 of 2nd period - Elias Pettersson wins face-off versus Darren Helm in Stars zone.
3:54 of 2nd period - Elias Pettersson is hit by Leo Komarov.
4:00 of 2nd period - Ryan Murray is hit by Andrei Svechnikov and loses puck.
4:04 of 2nd period - Icing by Ryan Murray.
4:05 of 2nd period - Denis Gurianov wins face-off versus Leo Komarov in Hurricanes zone.
4:22 of 2nd period - Shot by Danton Heinen.
4:22 of 2nd period - Stopped by Martin Jones without a rebound.
4:23 of 2nd period - Denis Gurianov wins face-off versus Josh Bailey in Stars zone.
4:34 of 2nd period - Shot by Neal Pionk.
4:34 of 2nd period - Stopped by Martin Jones with a rebound.
4:36 of 2nd period - Shot by Nikita Gusev.
4:36 of 2nd period - Stopped by Martin Jones without a rebound.
4:37 of 2nd period - Leo Komarov wins face-off versus Denis Gurianov in Stars zone.
4:40 of 2nd period - Shot by Ryan Murray.
4:40 of 2nd period - Stopped by Martin Jones without a rebound.
4:41 of 2nd period - Denis Gurianov wins face-off versus Brian Boyle in Stars zone.
4:41 of 2nd period - Denis Gurianov is hit by Brian Boyle.
4:50 of 2nd period - Icing by Nikita Gusev.
4:51 of 2nd period - Josh Bailey wins face-off versus Denis Gurianov in Hurricanes zone.
4:53 of 2nd period - Brian Boyle is hit by Jordan Greenway and loses puck.
5:03 of 2nd period - Josh Bailey is hit by Deryk Engelland and loses puck.
5:11 of 2nd period - Josh Bailey is hit by Travis Hamonic and loses puck.
5:52 of 2nd period - Shot by Danton Heinen.
5:52 of 2nd period - Stopped by Martin Jones without a rebound.
5:53 of 2nd period - Andrew Cogliano wins face-off versus Jason Robertson in Stars zone.
6:32 of 2nd period - Shot by Chris Wagner.
6:32 of 2nd period - Shot Misses the Net.
6:34 of 2nd period - Shot by Chris Wagner.
6:34 of 2nd period - Shot Blocked by Ron Hainsey.
7:24 of 2nd period - Icing by Ryan Suter.
7:25 of 2nd period - Victor Rask wins face-off versus Dylan Larkin in Stars zone.
7:30 of 2nd period - Shot by Darren Helm.
7:30 of 2nd period - Stopped by Martin Jones without a rebound.
7:31 of 2nd period - Victor Rask wins face-off versus Elias Pettersson in Stars zone.
7:43 of 2nd period - Minor Penalty to Darren Helm for Interference.
7:44 of 2nd period - Elias Pettersson wins face-off versus Josh Bailey in Hurricanes zone.
7:55 of 2nd period - Shot by Elias Pettersson.
7:55 of 2nd period - Deflect By Andrei Svechnikov.
7:55 of 2nd period - Shot Blocked by Ryan Murray.
8:03 of 2nd period - Shot by Elias Pettersson.
8:03 of 2nd period - Stopped by Joonas Korpisalo with a rebound.
8:05 of 2nd period - Shot by Ryan Suter.
8:05 of 2nd period - Shot Misses the Net.
8:07 of 2nd period - Shot by Alexander Edler.
8:07 of 2nd period - Shot Misses the Net.
8:53 of 2nd period - Shot by Martin Necas.
8:53 of 2nd period - Stopped by Joonas Korpisalo with a rebound.
8:55 of 2nd period - Shot by Deryk Engelland.
8:55 of 2nd period - Stopped by Joonas Korpisalo without a rebound.
8:56 of 2nd period - Dylan Larkin wins face-off versus Nikita Gusev in Hurricanes zone.
9:01 of 2nd period - Shot by Jason Robertson.
9:01 of 2nd period - Deflect By Dylan Larkin.
9:01 of 2nd period - Stopped by Joonas Korpisalo with a rebound.
9:03 of 2nd period - Shot by Dylan Larkin.
9:03 of 2nd period - Shot Misses the Net.
9:27 of 2nd period - Off-side.
9:28 of 2nd period - Josh Bailey wins face-off versus Andrei Svechnikov in neutral zone.
9:38 of 2nd period - Icing by Alexander Edler.
9:39 of 2nd period - Elias Pettersson wins face-off versus Josh Bailey in Stars zone.
9:39 of 2nd period - Elias Pettersson is hit by Brian Boyle.
9:42 of 2nd period - Icing by Andrei Svechnikov.
9:43 of 2nd period - Mikko Koivu wins face-off versus Victor Rask in Stars zone.
9:50 of 2nd period - Shot by Victor Rask.
9:50 of 2nd period - Stopped by Martin Jones without a rebound.
9:51 of 2nd period - Darren Helm wins face-off versus Elias Pettersson in Stars zone.
12:02 of 2nd period - Curtis Lazar is hit by Tucker Poolman and loses puck.
12:52 of 2nd period - Minor Penalty to Oskar Lindblom for Tripping.
12:53 of 2nd period - Darren Helm wins face-off versus Elias Pettersson in Stars zone.
12:53 of 2nd period - Danton Heinen is hit by Alexander Edler and loses puck.
13:00 of 2nd period - Shot by Quinn Hughes.
13:00 of 2nd period - Shot Blocked by Ryan Suter.
13:02 of 2nd period - Shot by Neal Pionk.
13:02 of 2nd period - Shot Misses the Net.
13:08 of 2nd period - Shot by Danton Heinen.
13:08 of 2nd period - Shot Misses the Net.
13:10 of 2nd period - Shot by Darren Helm.
13:10 of 2nd period - Shot Hit the Post.
13:12 of 2nd period - Shot by Darren Helm.
13:12 of 2nd period - Deflect By Danton Heinen.
13:12 of 2nd period - Stopped by Martin Jones with a rebound.
13:14 of 2nd period - Shot by Darren Helm.
13:14 of 2nd period - Stopped by Martin Jones without a rebound.
13:15 of 2nd period - Josh Bailey wins face-off versus Denis Gurianov in Stars zone.
13:24 of 2nd period - Shot by Josh Bailey.
13:24 of 2nd period - Shot Misses the Net.
13:26 of 2nd period - Shot by Markus Nutivaara.
13:26 of 2nd period - Stopped by Martin Jones without a rebound.
13:27 of 2nd period - Elias Pettersson wins face-off versus Leo Komarov in Stars zone.
14:03 of 2nd period - Shot by Quinn Hughes.
14:03 of 2nd period - Stopped by Martin Jones without a rebound.
14:04 of 2nd period - Josh Bailey wins face-off versus Elias Pettersson in Stars zone.
14:05 of 2nd period - Shot by Ryan Murray.
14:05 of 2nd period - Stopped by Martin Jones without a rebound.
14:06 of 2nd period - Josh Bailey wins face-off versus Elias Pettersson in Stars zone.
14:30 of 2nd period - Josh Bailey is hit by Alexander Edler and loses puck.
14:43 of 2nd period - Nikita Gusev is hit by Alexander Edler.
15:21 of 2nd period - Victor Rask is hit by Deryk Engelland and loses puck.
15:30 of 2nd period - Danton Heinen is hit by Martin Necas and loses puck.
15:50 of 2nd period - Icing by Travis Hamonic.
15:51 of 2nd period - Dylan Larkin wins face-off versus Andrew Cogliano in Stars zone.
16:16 of 2nd period - Shot by Chris Wagner.
16:16 of 2nd period - Shot Blocked by Travis Hamonic.
16:18 of 2nd period - Shot by Neal Pionk.
16:18 of 2nd period - Shot Misses the Net.
16:20 of 2nd period - Shot by Andrew Shaw.
16:20 of 2nd period - Stopped by Martin Jones without a rebound.
16:21 of 2nd period - Leo Komarov wins face-off versus Elias Pettersson in Stars zone.
16:22 of 2nd period - Shot by Alexis Lafreniere.
16:22 of 2nd period - Deflect By Leo Komarov.
16:22 of 2nd period - Shot Blocked by Alexander Edler.
16:32 of 2nd period - Shot by Elias Pettersson.
16:32 of 2nd period - Shot Blocked by Ryan Murray.
16:34 of 2nd period - Shot by Denis Gurianov.
16:34 of 2nd period - Shot Misses the Net.
17:00 of 2nd period - Shot by Andrei Svechnikov.
17:00 of 2nd period - Stopped by Joonas Korpisalo without a rebound.
17:01 of 2nd period - Mikko Koivu wins face-off versus Josh Bailey in Hurricanes zone.
17:22 of 2nd period - Josh Bailey is hit by Frans Nielsen and loses puck.
18:33 of 2nd period - Icing by Alexander Edler.
18:34 of 2nd period - Leo Komarov wins face-off versus Andreas Athanasiou in Stars zone.
19:11 of 2nd period - Shot by Curtis Lazar.
19:11 of 2nd period - Stopped by Martin Jones without a rebound.
19:12 of 2nd period - Victor Rask wins face-off versus Denis Gurianov in Stars zone.
19:38 of 2nd period - Off-side.
19:39 of 2nd period - Dylan Larkin wins face-off versus Josh Bailey in neutral zone.
Goals for this period are 0 for Hurricanes vs 1 for Stars.
Shots for this period are 14 for Hurricanes vs 8 for Stars.

3rd period


0:01 of 3rd period - Andrew Cogliano wins face-off versus Elias Pettersson in neutral zone.
0:28 of 3rd period - Andrew Cogliano is hit by Alexander Edler and loses puck.
0:34 of 3rd period - Icing by Elias Pettersson.
0:35 of 3rd period - Darren Helm wins face-off versus Elias Pettersson in Stars zone.
0:44 of 3rd period - Shot by Elias Pettersson.
0:44 of 3rd period - Shot Blocked by Markus Nutivaara.
0:46 of 3rd period - Shot by Ryan Suter.
0:46 of 3rd period - Shot Misses the Net.
1:17 of 3rd period - Jordan Greenway is hit by Danton Heinen.
1:29 of 3rd period - Shot by Martin Necas.
1:29 of 3rd period - Deflect By Dylan Larkin.
1:29 of 3rd period - Goal by Dylan Larkin - Hurricanes : 1 - Stars : 3.
1:30 of 3rd period - Josh Bailey wins face-off versus Andreas Athanasiou in neutral zone.
1:37 of 3rd period - Shot by Quinn Hughes.
1:37 of 3rd period - Stopped by Martin Jones with a rebound.
1:43 of 3rd period - Shot by Nikita Gusev.
1:43 of 3rd period - Shot Misses the Net.
1:45 of 3rd period - Shot by Josh Bailey.
1:45 of 3rd period - Shot Misses the Net.
2:01 of 3rd period - Shot by Josh Bailey.
2:01 of 3rd period - Stopped by Martin Jones without a rebound.
2:02 of 3rd period - Dylan Larkin wins face-off versus Alexis Lafreniere in Stars zone.
2:02 of 3rd period - Dylan Larkin is hit by Leo Komarov.
2:13 of 3rd period - Alexis Lafreniere is hit by Travis Hamonic and loses puck.
2:24 of 3rd period - Leo Komarov is hit by Jordan Greenway and loses puck.
2:31 of 3rd period - Curtis Lazar is hit by Jordan Greenway and loses puck.
2:41 of 3rd period - Shot by Leo Komarov.
2:41 of 3rd period - Shot Misses the Net.
2:44 of 3rd period - Leo Komarov is hit by Deryk Engelland and loses puck.
2:46 of 3rd period - Minor Penalty to Deryk Engelland for Tripping.
2:47 of 3rd period - Elias Pettersson wins face-off versus Josh Bailey in Stars zone.
3:14 of 3rd period - Shot by Neal Pionk.
3:14 of 3rd period - Shot Blocked by Alexander Edler.
3:16 of 3rd period - Shot by Josh Bailey.
3:16 of 3rd period - Shot Misses the Net.
4:05 of 3rd period - Shot by Markus Nutivaara.
4:05 of 3rd period - Shot Misses the Net.
4:07 of 3rd period - Shot by Danton Heinen.
4:07 of 3rd period - Shot Misses the Net.
4:09 of 3rd period - Shot by Ryan Murray.
4:09 of 3rd period - Shot Hit the Post.
4:39 of 3rd period - Shot by Quinn Hughes.
4:39 of 3rd period - Deflect By Brian Boyle.
4:39 of 3rd period - Shot Misses the Net.
4:48 of 3rd period - Icing by Nikita Gusev.
4:49 of 3rd period - Andrew Cogliano wins face-off versus Mikko Koivu in Hurricanes zone.
4:51 of 3rd period - Icing by Andrew Shaw.
4:52 of 3rd period - Mikko Koivu wins face-off versus Andrew Cogliano in Hurricanes zone.
4:56 of 3rd period - Oskar Lindblom is hit by Moritz Seider and loses puck.
5:02 of 3rd period - Icing by Moritz Seider.
5:03 of 3rd period - Andrew Cogliano wins face-off versus Andreas Athanasiou in Hurricanes zone.
5:37 of 3rd period - Jason Robertson is hit by Zach Bogosian.
5:38 of 3rd period - Minor Penalty to Moritz Seider for High sticking.
5:39 of 3rd period - Darren Helm wins face-off versus Elias Pettersson in Hurricanes zone.
5:56 of 3rd period - Shot by Elias Pettersson.
5:56 of 3rd period - Goal by Elias Pettersson - Hurricanes : 1 - Stars : 4.
5:57 of 3rd period - Jordan Greenway wins face-off versus Victor Rask in neutral zone.
5:59 of 3rd period - Minor Penalty to Markus Nutivaara for High sticking.
6:00 of 3rd period - Dylan Larkin wins face-off versus Josh Bailey in Hurricanes zone.
7:30 of 3rd period - Shot by Denis Gurianov.
7:30 of 3rd period - Shot Misses the Net.
7:32 of 3rd period - Shot by Alexander Edler.
7:32 of 3rd period - Deflect By Andrei Svechnikov.
7:32 of 3rd period - Shot Blocked by Brian Boyle.
7:34 of 3rd period - Shot by Ryan Suter.
7:34 of 3rd period - Stopped by Joonas Korpisalo without a rebound.
7:35 of 3rd period - Nikita Gusev wins face-off versus Dylan Larkin in Hurricanes zone.
7:35 of 3rd period - Nikita Gusev is hit by Martin Necas.
8:03 of 3rd period - Shot by Oskar Lindblom.
8:03 of 3rd period - Stopped by Joonas Korpisalo without a rebound.
8:04 of 3rd period - Mikko Koivu wins face-off versus Leo Komarov in Hurricanes zone.
8:20 of 3rd period - Off-side.
8:21 of 3rd period - Elias Pettersson wins face-off versus Andrew Cogliano in neutral zone.
8:26 of 3rd period - Shot by Denis Gurianov.
8:26 of 3rd period - Shot Misses the Net.
8:28 of 3rd period - Shot by Andrei Svechnikov.
8:28 of 3rd period - Deflect By Elias Pettersson.
8:28 of 3rd period - Stopped by Joonas Korpisalo without a rebound.
8:29 of 3rd period - Josh Bailey wins face-off versus Elias Pettersson in Hurricanes zone.
8:46 of 3rd period - Off-side.
8:47 of 3rd period - Dylan Larkin wins face-off versus Victor Rask in neutral zone.
8:57 of 3rd period - Minor Penalty to Jordan Greenway for Holding.
8:58 of 3rd period - Nikita Gusev wins face-off versus Denis Gurianov in Stars zone.
8:58 of 3rd period - Nikita Gusev is hit by Alexander Edler.
9:02 of 3rd period - Shot by Josh Bailey.
9:02 of 3rd period - Stopped by Martin Jones without a rebound.
9:03 of 3rd period - Denis Gurianov wins face-off versus Leo Komarov in Stars zone.
9:03 of 3rd period - Jason Robertson is hit by Leo Komarov and loses puck.
9:24 of 3rd period - Shot by Danton Heinen.
9:24 of 3rd period - Shot Blocked by Deryk Engelland.
9:26 of 3rd period - Shot by Neal Pionk.
9:26 of 3rd period - Shot Misses the Net.
10:07 of 3rd period - Travis Hamonic is hit by Brian Boyle and loses puck.
10:23 of 3rd period - Icing by Ryan Murray.
10:24 of 3rd period - Elias Pettersson wins face-off versus Josh Bailey in Hurricanes zone.
10:37 of 3rd period - Shot by Ryan Murray.
10:37 of 3rd period - Shot Misses the Net.
10:43 of 3rd period - Shot by Alexander Edler.
10:43 of 3rd period - Shot Misses the Net.
10:45 of 3rd period - Shot by Alexander Edler.
10:45 of 3rd period - Stopped by Joonas Korpisalo without a rebound.
10:46 of 3rd period - Leo Komarov wins face-off versus Elias Pettersson in Hurricanes zone.
10:51 of 3rd period - Shot by Neal Pionk.
10:51 of 3rd period - Stopped by Martin Jones without a rebound.
10:52 of 3rd period - Leo Komarov wins face-off versus Elias Pettersson in Stars zone.
11:03 of 3rd period - Shot by Danton Heinen.
11:03 of 3rd period - Shot Misses the Net.
11:04 of 3rd period - Minor Penalty to Tucker Poolman for Holding.
11:04 of 3rd period - Minor Penalty to Andrew Shaw for Interference.
11:05 of 3rd period - Nikita Gusev wins face-off versus Elias Pettersson in Stars zone.
11:42 of 3rd period - Shot by Neal Pionk.
11:42 of 3rd period - Stopped by Martin Jones without a rebound.
11:43 of 3rd period - Josh Bailey wins face-off versus Denis Gurianov in Stars zone.
12:26 of 3rd period - Shot by Jordan Greenway.
12:26 of 3rd period - Shot Blocked by Markus Nutivaara.
12:45 of 3rd period - Andrei Svechnikov is hit by Quinn Hughes and loses puck.
13:01 of 3rd period - Elias Pettersson is hit by Neal Pionk and loses puck.
13:23 of 3rd period - Minor Penalty to Zach Bogosian for High sticking.
13:24 of 3rd period - Dylan Larkin wins face-off versus Nikita Gusev in Hurricanes zone.
13:52 of 3rd period - Travis Hamonic is hit by Darren Helm and loses puck.
13:57 of 3rd period - Nikita Gusev is hit by Jason Robertson and loses puck.
14:45 of 3rd period - Shot by Josh Bailey.
14:45 of 3rd period - Stopped by Martin Jones without a rebound.
14:46 of 3rd period - Nikita Gusev wins face-off versus Elias Pettersson in Stars zone.
15:29 of 3rd period - Shot by Andrew Shaw.
15:29 of 3rd period - Stopped by Martin Jones without a rebound.
15:30 of 3rd period - Chris Wagner wins face-off versus Mikko Koivu in Stars zone.
16:03 of 3rd period - Shot by Oskar Lindblom.
16:03 of 3rd period - Stopped by Joonas Korpisalo without a rebound.
16:04 of 3rd period - Leo Komarov wins face-off versus Dylan Larkin in Hurricanes zone.
16:04 of 3rd period - Alexis Lafreniere is hit by Jordan Greenway.
16:17 of 3rd period - Dylan Larkin is hit by Leo Komarov and loses puck.
16:57 of 3rd period - Minor Penalty to Leo Komarov for High sticking.
16:58 of 3rd period - Josh Bailey wins face-off versus Elias Pettersson in Hurricanes zone.
17:43 of 3rd period - Shot by Elias Pettersson.
17:43 of 3rd period - Stopped by Joonas Korpisalo without a rebound.
17:44 of 3rd period - Nikita Gusev wins face-off versus Dylan Larkin in Hurricanes zone.
17:49 of 3rd period - Jason Robertson is hit by Darren Helm and loses puck.
18:30 of 3rd period - Quinn Hughes is hit by Dylan Larkin.
18:58 of 3rd period - Zach Bogosian is hit by Oskar Lindblom and loses puck.
19:13 of 3rd period - Shot by Mikko Koivu.
19:13 of 3rd period - Stopped by Joonas Korpisalo with a rebound.
19:19 of 3rd period - Oskar Lindblom is hit by Zach Bogosian.
19:39 of 3rd period - Shot by Oskar Lindblom.
19:39 of 3rd period - Stopped by Joonas Korpisalo without a rebound.
19:40 of 3rd period - Elias Pettersson wins face-off versus Victor Rask in Hurricanes zone.
19:47 of 3rd period - Shot by Andrei Svechnikov.
19:47 of 3rd period - Shot Misses the Net.
19:49 of 3rd period - Shot by Elias Pettersson.
19:49 of 3rd period - Shot Misses the Net.
19:51 of 3rd period - Shot by Ryan Suter.
19:51 of 3rd period - Shot Misses the Net.
19:53 of 3rd period - Shot by Denis Gurianov.
19:53 of 3rd period - Shot Misses the Net.
19:55 of 3rd period - Shot by Andrei Svechnikov.
19:55 of 3rd period - Deflect By Elias Pettersson.
19:55 of 3rd period - Stopped by Joonas Korpisalo with a rebound.
Goals for this period are 0 for Hurricanes vs 2 for Stars.
Shots for this period are 7 for Hurricanes vs 11 for Stars.